AoeStats
← crypto_zhupel

Hill Fort

504531329Analyzed
2v2 RM · 25d ago on Sep 5, 2026· 35m 57s· 4 players
Game mode
Random Map
Map size
Medium (4 player)
Population
200
Speed
Normal
Resources
Standard
Victory
Conquest
Starting age
Dark Age
Ending age
Imperial Age
RankedLock teamsTeams togetherTeam positionsShared explorationLock speedFull tech treeHidden civsTurbo modeCheats
Victory
Defeat
🇷🇺 Berbers · Russia
1411
+11
🇷🇺 Celts · Russia
1389
+13
🇹🇼 Franks · Taiwan
1301
-12
🇹🇼 Italians · Taiwan
1301
-12
CYTR.波吉
8:31 Loom
10:41 Feudal Age
14:35 Castle Age
12:56 Double-Bit Axe
14:12 Gold Mining
14:51 Stone Mining
17:23 Scale Mail Armor
17:24 Town Watch
24:48 Forging
29:04 Chain Mail Armor
32:19 Iron Casting
34:29 Wheelbarrow
35:22 Squires
CYTR.波力士上帝
5:17 Loom
9:40 Feudal Age
10:46 Double-Bit Axe
15:42 Fletching
25:36 Castle Age
26:33 Bodkin Arrow
28:49 Horse Collar
29:27 Bow Saw
31:18 Padded Archer Armor
30:47 Elite Skirmisher
34:41 Ballistics
youteGG_mangoneluser
10:33 Feudal Age
15:38 Castle Age
14:03 Horse Collar
14:12 Double-Bit Axe
14:46 Horse Collar
16:31 Fletching
18:15 Loom
19:10 Bow Saw
23:58 Wheelbarrow
25:19 Bodkin Arrow
26:35 Town Watch
28:46 Padded Archer Armor
29:54 Gold Mining
33:26 Imperial Age
32:06 Husbandry
32:23 Leather Archer Armor
32:28 Stone Mining
32:57 Kasbah
33:22 Ballistics
34:14 Bracer
34:49 Conscription
35:35 Chemistry
35:26 Hand Cart
35:49 Bloodlines
36:06 Treadmill Crane
crypto_zhupel
6:42 Loom
10:11 Feudal Age
18:22 Fletching
25:00 Castle Age
23:38 Stone Mining
25:59 Wheelbarrow
25:10 Double-Bit Axe
31:43 Scale Mail Armor
31:55 Forging
34:57 Bow Saw
Connection lost

Rejoining the realm…

Still unreachable

The connection could not be restored.

Session expired

The server has moved on; the page needs a fresh start.